 Dungeon Crawl Stone Soup version 0.19.4-8-ga85b6b9 (webtiles) character file.

99 Lennu the Slasher (level 4, 0/34 HPs)
             Began as a Demonspawn Gladiator on Feb 6, 2017.
             Succumbed to an adder's poison
             ... while paralysed
             ... on level 2 of the Dungeon.
             The game lasted 00:03:37 (1674 turns).

Lennu the Slasher (Demonspawn Gladiator)            Turns: 1674, Time: 00:03:38

Health: 0/34       AC:  4    Str: 20    XL:     4   Next: 45%
Magic:  1/4        EV:  2    Int: 10    God:
Gold:   111        SH:  0    Dex: 14    Spells: 0 memorised, 3 levels left

rFire  . . .     SeeInvis .     a - +0 long sword
rCold  . . .     Gourm    .     b - +0 leather armour
rNeg   . . .     Faith    .     (no shield)
rPois  .         Spirit   +     c - +0 helmet
rElec  .         Reflect  .     (no cloak)
rCorr  .         Harm     .     (no gloves)
MR     .....                    (no boots)
Stlth  +.........               k - amulet of guardian spirit
                                (no ring)
                                j - +5 ring of strength

@: paralysed, lethally poisoned (0 -> -6), exhausted, slowed
A: demonic guardian 1, powered by pain 1
a: no special abilities


You were on level 2 of the Dungeon.
You were hungry.

You visited 1 branch of the dungeon, and saw 2 of its levels.

You collected 111 gold pieces.

Inventory:

Hand Weapons
 a - a +0 long sword (weapon)
Missiles
 d - 3 throwing nets (quivered)
Armour
 b - a +0 leather armour (worn)
 c - a +0 helmet (worn)
Jewellery
 j - a +5 ring of strength (left hand)
 k - an amulet of guardian spirit (around neck)
Scrolls
 i - 2 scrolls of recharging {unknown}
 n - 2 scrolls of enchant weapon {unknown}
 o - 2 scrolls of magic mapping {unknown}
 p - a scroll of amnesia {unknown}
Potions
 e - a potion of cancellation
Comestibles
 f - a bread ration
 g - 4 fruits
 h - a meat ration
 l - 4 chunks of flesh


   Skills:
 + Level 2.8 Fighting
 + Level 3.6 Long Blades
 + Level 1.9 Throwing
 + Level 0.5 Armour
 + Level 3.3 Dodging
 + Level 0.4 Stealth


You had 3 spell levels left.
You didn't know any spells.

Dungeon Overview and Level Annotations

Branches:
Dungeon (2/15)

Altars:
Vehumet


Innate Abilities, Weirdness & Mutations

A weak demonic guardian rushes to your aid.
You sometimes gain a little power by taking damage.


Message History

You are lethally poisoned!
The adder poisons you!
You hit the adder.
You kill the adder!
* * * LOW HITPOINT WARNING * * *
You feel sick.
You see here a club.
You feel a strong urge to attack something.
* * * LOW HITPOINT WARNING * * *
You feel sick.
There is an escape hatch in the floor here.
Things that are here:
a whip; a gnoll corpse
There is a lethal amount of poison in your body!
You feel your anger subside.
You are no longer berserk.
You pass out from exhaustion.
You feel yourself slow down.
* * * LOW HITPOINT WARNING * * *
You feel sick.
You die...

# #.# #.#
#.# #.#
#####.#
#.....#
#.#####
#.# #@#
#)# #)#
........#
######..#
#<.# ...#
##.## ..


There were no monsters in sight!

Vanquished Creatures
  3 adders (D:2)
  4 gnolls
  A dart slug (D:1)
  2 ball pythons (D:2)
  A bat (D:1)
  3 giant cockroaches (D:1)
  6 goblins (D:1)
  2 hobgoblins (D:1)
  A frilled lizard (D:1)
  4 kobolds (D:1)
  6 rats
33 creatures vanquished.

Notes
Turn   | Place    | Note
-------+----------+-------------------------------------------
     0 | D:1      | Lennu the Demonspawn Gladiator began the quest for the Orb.
     0 | D:1      | Reached XP level 1. HP: 16/16 MP: 1/1
   125 | D:1      | Gained mutation: You sometimes gain a little power by taking damage. [demonic ancestry]
   125 | D:1      | Reached XP level 2. HP: 1/22 MP: 2/2
   797 | D:1      | Reached XP level 3. HP: 27/27 MP: 3/3
  1158 | D:2      | Found a radiant altar of Vehumet.
  1645 | D:2      | Gained mutation: A weak demonic guardian rushes to your aid. [demonic ancestry]
  1645 | D:2      | Reached XP level 4. HP: 34/34 MP: 4/4
  1672 | D:2      | HP: 1/34 [poisoned by an adder]
  1674 | D:2      | Succumbed to an adder's poison

Skill      XL: |  1  2 |
---------------+-------+-----
Long Blades    | 3 |  3.6
Dodging        | 3 |  3.3
Fighting       | |  2.8
Throwing       | |  1.9
Armour         | |  0.5
Stealth        | |  0.4

Action                   |  1- 3 |  4- 6 || total
-------------------------+-------+-------++-------
Melee: Long sword        |    80 |    19 ||    99
  Use: Scroll            |     2 |       ||     2
       Potion            |       |     1 ||     1
  Eat: Chunk             |     2 |       ||     2
Armor: Leather armour    |    16 |     5 ||    21
Dodge: Dodged            |    46 |    17 ||    63
       Rpst.: Long sword |    14 |     3 ||    17
